 Dungeon Crawl Stone Soup version 0.29-a0-322-g68df515428 (webtiles) character file.

Game seed: 4006528075514027798

781 sanka the Ducker (level 7, 0/54 HPs)
             Began as a Gnoll Monk on Apr 7, 2022.
             Was an Elder of Hepliaklqana.
             Slain by Duvessa
             ... wielding a +0 short sword
              (12 damage)
             ... on level 5 of the Dungeon.
             The game lasted 00:04:56 (3537 turns).

sanka the Ducker (Gnoll Monk)                       Turns: 3537, Time: 00:04:57

Health: 0/54       AC:  9    Str: 12    XL:     7   Next: 85%
Magic:  11/11      EV: 11    Int: 10    God:    Hepliaklqana [****..]
Gold:   220        SH:  0    Dex: 14    Spells: 11/11 levels left

rFire   + . .      SeeInvis .   a - +0 hand axe
rCold   . . .      Faith    .   (no shield)
rNeg    + . .      Spirit   .   r - +3 scale mail {rF+}
rPois   .          Reflect  .   (no helmet)
rElec   .          Harm     .   (no cloak)
rCorr   +          Rampage  .   (no gloves)
Will    .....                   (no boots)
Stlth   ++........              v - amulet of magic regeneration
HPRegen 0.18/turn               w - ring of resist corrosion
MPRegen 0.52/turn               t - ring of positive energy

@: no status effects
A: reduced essence, fangs 1, strong nose, distributed training
a: Renounce Religion, Recall Ancestor, Ancestor Identity, Transference, Idealise


You were on level 5 of the Dungeon.
You worshipped Hepliaklqana.
Hepliaklqana was greatly pleased with you.
You visited 1 branch of the dungeon, and saw 5 of its levels.

You collected 220 gold pieces.


Innate Abilities, Weirdness & Mutations

Your life essence is reduced to manifest your ancestor. (-10% HP)
You have very sharp teeth.
Your uncanny sense of smell can sniff out nearby items.
Your experience applies equally to all skills.


   Skills:
 + Level 7.1 Fighting
 + Level 2.7 Short Blades
 + Level 2.7 Long Blades
 + Level 7.1 Axes
 + Level 2.7 Maces & Flails
 + Level 2.7 Polearms
 + Level 2.7 Staves
 + Level 2.7 Slings
 + Level 2.7 Bows
 + Level 2.7 Crossbows
 + Level 2.7 Throwing
 + Level 2.7 Armour
 + Level 7.1 Dodging
 + Level 5.0 Stealth
 + Level 2.7 Shields
 + Level 2.7 Unarmed Combat
 + Level 2.7 Spellcasting
 + Level 2.2 Conjurations
 + Level 2.2 Hexes
 + Level 2.2 Summonings
 + Level 2.2 Necromancy
 + Level 2.2 Translocations
 + Level 2.2 Transmutations
 + Level 2.2 Fire Magic
 + Level 2.2 Ice Magic
 + Level 2.2 Air Magic
 + Level 2.2 Earth Magic
 + Level 2.2 Poison Magic
 + Level 3.0 Invocations
 + Level 2.7 Evocations


You had 11 spell levels left.
You didn't know any spells.
Your spell library contained the following spells:

 Spells                   Type           Power      Damage    Failure   Level
 Sting                    Tmut/Pois      20%        1d4       50%         1
 Inner Flame              Hex/Fire       5%         N/A       86%         3
 Cause Fear               Hex            2%         N/A       99%         4
 Discord                  Hex            2%         N/A       100%        8

Inventory:

Hand Weapons
 a - a +0 hand axe (weapon)
 s - a +0 flail
Missiles
 x - 4 curare-tipped darts (quivered) {=f}
Armour
 b - a +0 robe
 r - a +3 scale mail of fire resistance (worn)
Magical Staves
 p - a staff of death
Jewellery
 t - a ring of positive energy (right hand)
 v - an amulet of magic regeneration (around neck)
 w - a ring of resist corrosion (left hand)
Scrolls
 f - 4 scrolls of teleportation {unknown}
 g - 12 scrolls of identify {unknown}
 h - 2 scrolls of fear {unknown}
 k - 2 scrolls of blinking {unknown}
 l - a scroll of holy word {unknown}
 m - 3 scrolls of noise {unknown}
 o - 2 scrolls of vulnerability {unknown}
 q - 2 scrolls of fog {unknown}
 u - a scroll of magic mapping {unknown}
 y - a scroll of immolation {unknown}
Potions
 c - a potion of ambrosia
 d - 2 potions of might {unknown}
 e - 3 potions of flight {unknown}
 i - a potion of curing {unknown}
 j - 3 potions of heal wounds {unknown}
 n - 2 potions of degeneration {unknown}
 z - a potion of mutation {unknown}

Dungeon Overview and Level Annotations

Branches:
Dungeon (5/15)
 Temple: D:4-7

Altars:
Hepliaklqana

Annotations:
D:5 Duvessa

▒. ▒▒ ...... .▒▒.▒▒.. ......
........ ...... ▒.....▒▒......
▒▒▒▒....▒.......
▒...............
....▒...J.......
▒....£)eR....▒ ▒..▒..g.).▒..▒
▒▒▒▒.▒▒<.....▒.▒▒▒
▒.▒...▒▒.......▒.▒ ∆
...▒.▒<.....▒.▒.▒▒ ▒
(.▒.............▒ ▒▒▒.
▒.▒.............▒▒▒▒▒▒▒
▒....▒.▒..............▒▒...▒
▒...▒..................▒▒
............▒......))........▒


You could see the friendly Ntombi the knight, Duvessa (berserk, ally target) and
a jelly.


Message History

Duvessa completely misses you. The orc misses you.
Ntombi blocks Dowan's attack.
Ntombi hits Dowan with a +0 flail!
Dowan dies!
Duvessa screams in rage.
Duvessa goes berserk!
Unknown command.
You hit Duvessa. Your bite misses Duvessa.
Duvessa is heavily wounded.
You hit the orc.
You kill the orc!
Duvessa closely misses you.
Unknown command.
You hit Duvessa.
Duvessa is severely wounded.
Duvessa misses you. Duvessa closely misses you.
Ntombi misses Duvessa.
Unknown command.
You hit Duvessa.
Duvessa is severely wounded.
Duvessa hits you with a +0 short sword!
* * * LOW HITPOINT WARNING * * *
Unknown command.
You hit Duvessa.
Duvessa is severely wounded.
Duvessa hits you with a +0 short sword!
You die...

Action                   |  1- 3 |  4- 6 |  7- 9 || total
-------------------------+-------+-------+-------++-------
Melee: Hand axe          |   103 |    96 |    58 ||   257
       Bite              |     7 |    11 |     6 ||    24
       Punch             |     2 |     1 |       ||     3
Invok: Ancestor Life: Kn |     1 |       |       ||     1
 Stab: Sleeping          |     6 |     1 |     1 ||     8
       Held in net/web   |     1 |       |       ||     1
       Distracted        |       |       |     1 ||     1
Armor: Robe              |    16 |     4 |       ||    20
       Scale mail        |       |    29 |    21 ||    50
Dodge: Dodged            |    74 |    50 |    35 ||   159

Levels and vault maps discovered:
D:1:      dpeg_arrival_rooms_a, layout_rooms,
          shapermc_ecumenical_altar_rom_forum, minmay_misc_feat_chi
D:2:      layout_rooms, minmay_pentomino_t4
D:3:      wander_river, layout_rooms, serial_undead, serial_undead_d,
          serial_undead_e, serial_undead_e, serial_undead_a, serial_undead_b,
          serial_undead_e, serial_undead_d, serial_undead_e,
          kennysheep_generic_room_2
D:4:      layout_cave_pods, nrook_mini_backslash, uniq_sigmund
D:5:      layout_cave_pools, uniq_duvessa

Notes
Turn   | Place    | Note
-------+----------+-------------------------------------------
     0 | D:1      | sanka the Gnoll Monk began the quest for the Orb.
     0 | D:1      | Reached XP level 1. HP: 23/23 MP: 1/1
   103 | D:1      | Reached XP level 2. HP: 29/29 MP: 2/2
   234 | D:1      | Found a faded altar of an unknown god.
   257 | D:1      | Prayed at the altar of an unknown god.
   257 | D:1      | Became a worshipper of Hepliaklqana the Forgotten
   257 | D:1      | Reached * piety under Hepliaklqana
   257 | D:1      | Reached ** piety under Hepliaklqana
   258 | D:1      | Remembered your ancestor Ntombi as a knight
   276 | D:1      | Got Plato's Guide on Intoxication
   501 | D:1      | Reached XP level 3. HP: 26/31 MP: 3/3
   650 | D:2      | Reached *** piety under Hepliaklqana
   933 | D:2      | Reached skill level 1 in Invocations
  1105 | D:2      | Reached skill level 1 in Short Blades
  1105 | D:2      | Reached skill level 1 in Long Blades
  1105 | D:2      | Reached skill level 1 in Maces & Flails
  1105 | D:2      | Reached skill level 1 in Polearms
  1105 | D:2      | Reached skill level 1 in Staves
  1105 | D:2      | Reached skill level 1 in Slings
  1105 | D:2      | Reached skill level 1 in Bows
  1105 | D:2      | Reached skill level 1 in Crossbows
  1105 | D:2      | Reached skill level 1 in Throwing
  1105 | D:2      | Reached skill level 1 in Armour
  1105 | D:2      | Reached skill level 1 in Shields
  1105 | D:2      | Reached skill level 1 in Unarmed Combat
  1105 | D:2      | Reached skill level 1 in Spellcasting
  1105 | D:2      | Reached skill level 1 in Evocations
  1105 | D:2      | Reached XP level 4. HP: 26/36 MP: 5/5
  1503 | D:3      | Reached skill level 1 in Conjurations
  1503 | D:3      | Reached skill level 1 in Hexes
  1503 | D:3      | Reached skill level 1 in Summonings
  1503 | D:3      | Reached skill level 1 in Necromancy
  1503 | D:3      | Reached skill level 1 in Translocations
  1503 | D:3      | Reached skill level 1 in Transmutations
  1503 | D:3      | Reached skill level 1 in Fire Magic
  1503 | D:3      | Reached skill level 1 in Ice Magic
  1503 | D:3      | Reached skill level 1 in Air Magic
  1503 | D:3      | Reached skill level 1 in Earth Magic
  1503 | D:3      | Reached skill level 1 in Poison Magic
  1654 | D:3      | Reached XP level 5. HP: 39/42 MP: 5/7
  2100 | D:4      | Noticed Sigmund
  2111 | D:4      | Killed Sigmund
  2112 | D:4      | Reached skill level 2 in Short Blades
  2112 | D:4      | Reached skill level 2 in Long Blades
  2112 | D:4      | Reached skill level 2 in Maces & Flails
  2112 | D:4      | Reached skill level 2 in Polearms
  2112 | D:4      | Reached skill level 2 in Staves
  2112 | D:4      | Reached skill level 2 in Slings
  2112 | D:4      | Reached skill level 2 in Bows
  2112 | D:4      | Reached skill level 2 in Crossbows
  2112 | D:4      | Reached skill level 2 in Throwing
  2112 | D:4      | Reached skill level 2 in Armour
  2112 | D:4      | Reached skill level 2 in Shields
  2112 | D:4      | Reached skill level 2 in Unarmed Combat
  2112 | D:4      | Reached skill level 2 in Spellcasting
  2112 | D:4      | Reached skill level 2 in Invocations
  2112 | D:4      | Reached skill level 2 in Evocations
  2112 | D:4      | Reached XP level 6. HP: 20/47 MP: 7/9
  2444 | D:4      | Reached XP level 7. HP: 42/53 MP: 10/10
  2558 | D:4      | Reached skill level 7 in Fighting
  2558 | D:4      | Reached skill level 7 in Axes
  2558 | D:4      | Reached skill level 7 in Dodging
  3094 | D:4      | Reached **** piety under Hepliaklqana
  3280 | D:5      | Entered Level 5 of the Dungeon
  3288 | D:5      | Reached skill level 2 in Conjurations
  3288 | D:5      | Reached skill level 2 in Hexes
  3288 | D:5      | Reached skill level 2 in Summonings
  3288 | D:5      | Reached skill level 2 in Necromancy
  3288 | D:5      | Reached skill level 2 in Translocations
  3288 | D:5      | Reached skill level 2 in Transmutations
  3288 | D:5      | Reached skill level 2 in Fire Magic
  3288 | D:5      | Reached skill level 2 in Ice Magic
  3288 | D:5      | Reached skill level 2 in Air Magic
  3288 | D:5      | Reached skill level 2 in Earth Magic
  3288 | D:5      | Reached skill level 2 in Poison Magic
  3515 | D:5      | Noticed Duvessa
  3519 | D:5      | Reached skill level 5 in Stealth
  3522 | D:5      | Noticed Dowan
  3523 | D:5      | Reached skill level 3 in Invocations
  3533 | D:5      | Killed Dowan
  3537 | D:5      | Slain by Duvessa

Vanquished Creatures
  A necrophage (D:4)
  A hound (D:3)
  3 adders
  A shadow imp (D:5)
  A worm (D:3)
  2 dart slugs
  8 orcs
  6 ball pythons
  6 bats
  6 endoplasms
  3 giant cockroaches (D:1)
  4 goblins
  5 hobgoblins
  2 jackals (D:2)
  A quokka (D:3)
  8 frilled lizards
  5 kobolds
  A quokka skeleton (D:3)
  6 rats
70 creatures vanquished.

Vanquished Creatures (collateral kills)
  Sigmund (D:4)
  An ogre (D:5)
  Dowan (D:5)
  A howler monkey (D:5)
  4 orc priests
  2 orc wizards (D:5)
  3 adders
  4 adder skeletons (D:3)
  9 orcs
  2 goblins
  2 hobgoblins (D:2)
  A kobold (D:2)
  A quokka (D:4)
  2 ball pythons
  2 ball python skeletons (D:3)
  2 bats (D:2)
  2 frilled lizards
  A rat (D:3)
41 creatures vanquished.

Vanquished Creatures (others)
  A plant (D:1)
  2 withered plants (D:3)
3 creatures vanquished.

Grand Total: 114 creatures vanquished
